 Dungeon Crawl Stone Soup version 0.26-a0-1132-ge9770dfcb6 (webtiles) character file.

Game seed: 3542808060652705086

121 voltaire321 the Chopper (level 4, 0/30 HPs)
             Began as a Demonspawn Gladiator on Dec 20, 2020.
             Was an Initiate of Hepliaklqana.
             Slain by Grinder (6 damage)
             ... on level 3 of the Dungeon.
             The game lasted 00:06:47 (3364 turns).

voltaire321 the Chopper (Demonspawn Gladiator)      Turns: 3364, Time: 00:06:49

Health: 0/30       AC:  7    Str: 15    XL:     4   Next: 76%
Magic:  4/4        EV: 11    Int:  9    God:    Hepliaklqana [......]
Gold:   212        SH:  4    Dex: 15    Spells: 3/3 levels left

rFire    . . .     SeeInvis .   a - +0 war axe
rCold    + . .     Faith    .   r - +0 buckler
rNeg     . . .     Spirit   .   h - +0 ring mail
rPois    .         Reflect  .   c - +0 helmet
rElec    .         Harm     .   f - +0 cloak
rCorr    +         Rampage  .   (no gloves)
Will     .....                  (no boots)
Stlth    +.........             (no amulet)
HPRegen  0.10/turn              k - ring of resist corrosion
MPRegen  0.09/turn              s - ring of protection from cold

@: mighty
A: reduced essence, claws 1, powered by pain 1
a: Renounce Religion, Recall Ancestor, Ancestor Identity


You were on level 3 of the Dungeon.
You worshipped Hepliaklqana.
Hepliaklqana was noncommittal.
You visited 1 branch of the dungeon, and saw 3 of its levels.

You collected 212 gold pieces.

Inventory:

Hand Weapons
 a - a +0 war axe (weapon)
Missiles
 d - 3 throwing nets (quivered)
 q - 15 poisoned darts
Armour
 b - a +0 leather armour
 c - a +0 helmet (worn)
 f - a +0 cloak (worn)
 h - a +0 ring mail (worn)
 i - a +2 ring mail of cold resistance
 p - a +0 chain mail
 r - a +0 buckler (worn)
Jewellery
 k - a ring of resist corrosion (left claw)
 s - a ring of protection from cold (right claw)
Scrolls
 e - 2 scrolls of teleportation {unknown}
 g - 5 scrolls of remove curse {unknown}
 j - 4 scrolls of identify {unknown}
 l - a scroll of random uselessness {unknown}
Potions
 n - a potion of resistance {unknown}
 o - a potion of berserk rage {unknown}


   Skills:
 + Level 2.8 Fighting
 * Level 3.9 Axes
 - Level 1.7 Throwing
 + Level 0.6 Armour
 + Level 3.2 Dodging
 + Level 0.8 Shields


You had 3 spell levels left.
You didn't know any spells.
Your spell library was empty.

Dungeon Overview and Level Annotations

Branches:
Dungeon (3/15)

Altars:
Fedhas
Gozag
Hepliaklqana
Nemelex Xobeh
Qazlal
Uskayaw
Xom
The Shining One

Annotations:
D:3 Grinder


Innate Abilities, Weirdness & Mutations

You have sharp fingernails.
You sometimes gain a little power by taking damage.
Your life essence is reduced to manifest your ancestor. (-10% HP)


Message History

Grinder is moderately wounded.
Arsinoe hits Grinder.
Grinder gestures at you. Pain shoots through your body!
You focus on the pain.
You feel very mighty all of a sudden.
You barely miss Grinder.
Grinder is heavily wounded.
Arsinoe barely misses Grinder.
Grinder closely misses you.
Arsinoe hits Grinder.
You closely miss Grinder.
Grinder is heavily wounded.
Grinder closely misses you.
Arsinoe hits Grinder.
Grinder misses you.
You hit Grinder.
Grinder is severely wounded.
Arsinoe barely misses Grinder.
Grinder grins, showing sharp teeth.
Grinder hits you.
* * * LOW HITPOINT WARNING * * *
You writhe in agony.
You die...

#.#...R.....####.#
(.....5.......##.#
..#.........#.##.#
..##.#...####.##.#
$ w.....# #.##.#
..#.$..# #.##.##
.#...#### #.#...#
#.?.R<# ###5@.#
#....(......#
#.###.#####.# #.#
#.# ..# ###


You could see the friendly Arsinoe the ancestor and Grinder.

Vanquished Creatures
  3 gnolls (D:2)
  2 adders (D:2)
  3 worms (D:2)
  2 dart slugs (D:1)
  2 leopard geckos
  6 bats
  3 giant cockroaches (D:2)
  3 goblins
  4 hobgoblins
  2 jackals (D:2)
  2 quokkas (D:2)
  4 frilled lizards
  6 kobolds
  6 rats
48 creatures vanquished.

Vanquished Creatures (collateral kills)
  A gnoll (D:2)
  A dart slug (D:2)
2 creatures vanquished.

Vanquished Creatures (others)
  An ancestor (D:3)
  A plant (D:1)
2 creatures vanquished.

Grand Total: 52 creatures vanquished

Notes
Turn   | Place    | Note
-------+----------+-------------------------------------------
     0 | D:1      | voltaire321 the Demonspawn Gladiator began the quest for
                  | the Orb.
     0 | D:1      | Reached XP level 1. HP: 16/16 MP: 1/1
   136 | D:1      | Gained mutation: You sometimes gain a little power by
                  | taking damage. [demonic ancestry]
   136 | D:1      | Reached XP level 2. HP: 15/22 MP: 2/2
  1142 | D:2      | Found an opulent altar of Gozag.
  1156 | D:2      | Gained mutation: You have sharp fingernails. [demonic
                  | ancestry]
  1156 | D:2      | Reached XP level 3. HP: 19/28 MP: 3/3
  1952 | D:2      | Found a hazy altar of Hepliaklqana.
  2028 | D:2      | Became a worshipper of Hepliaklqana the Forgotten
  2124 | D:2      | HP: 1/25 [poisoned by an adder]
  2126 | D:2      | Reached XP level 4. HP: 1/30 MP: 4/4
  2395 | D:2      | Found a sparkling altar of Nemelex Xobeh.
  2417 | D:2      | Found a hide-covered altar of Uskayaw.
  2417 | D:2      | Found a shimmering altar of Xom.
  2423 | D:2      | Found a stormy altar of Qazlal.
  2423 | D:2      | Found a glowing golden altar of the Shining One.
  2423 | D:2      | Found a blossoming altar of Fedhas.
  2840 | D:3      | Noticed Grinder
  2846 | D:3      | Paralysed by Grinder for 2 turns
  2851 | D:3      | Paralysed by Grinder for 2 turns
  3170 | D:3      | Paralysed by Grinder for 6 turns
  3364 | D:3      | Slain by Grinder

Illustrated notes

Levels and vault maps discovered:
D:1:      kilobyte_arrival_exit_the_forest, layout_loops_ring
D:2:      layout_loops_ring, marbit_many_paths, doesnt_xom_only_xom,
          nicolae_gozag_seed_capital
D:3:      layout_loops_ring, minmay_curled_crystal, uniq_robin, uniq_natasha,
          uniq_grinder

Skill      XL: |  1  2 |
---------------+-------+-----
Axes           | 3 |  3.9
Dodging        | 3 |  3.2
Fighting       | |  2.8
Throwing       | |  1.7
Armour         | |  0.6
Shields        | |  0.8

Action                   |  1- 3 |  4- 6 || total
-------------------------+-------+-------++-------
Melee: War axe           |   129 |    43 ||   172
  Use: Potion            |       |     2 ||     2
 Stab: Distracted        |       |     1 ||     1
Armor: Leather armour    |    13 |       ||    13
       Ring mail         |    43 |    20 ||    63
Dodge: Dodged            |   106 |    33 ||   139
Block: Buckler           |     8 |    10 ||    18

Table legend: (Time is in decaauts)
 A = Elapsed time spent in this place.
 B = Non-inter-level travel time spent in this place.
 C = Inter-level travel time spent in this place.
 D = Time resting spent in this place.
 E = Time spent auto-exploring this place.
 F = Levels seen in this place.
 G = Mean time per level.
                   A        B        C        D        E       F      G
               +--------+--------+--------+--------+--------+-----+--------+
         Total |   3413 |   3304 |    109 |   1251 |   1429 |   3 | 1137.7 |
       Dungeon |   3413 |   3304 |    109 |   1251 |   1429 |   3 | 1137.7 |
               +--------+--------+--------+--------+--------+-----+--------+

Top non-repeatable levels by time:
     D:2: 2206 daAuts
     D:1: 1137 daAuts
     D:3: 70 daAuts
